 Dungeon Crawl Stone Soup version 0.14-a0-2848-g1d0399b (webtiles) character file.

1156 JEFFREY the Poker (level 8, -1/61 HPs)
             Began as a Formicid Fighter on Feb 27, 2014.
             Was an Initiate of the Shining One.
             Slain by an orc warrior
             ... wielding a +0,+0 battleaxe
              (10 damage)
             ... on Level 6 of the Dungeon.
             The game lasted 00:31:23 (5727 turns).

JEFFREY the Poker (Formicid Fighter)                Turns: 5727, Time: 00:31:24

HP  -1/61        AC 14     Str 23      XL: 8   Next: 27%
MP  11/11        EV  6     Int  7      God: the Shining One [......]
Gold 263         SH 18     Dex 11      Spells:  0 memorised,  7 levels left

rFire  . . .     SeeInvis +     j - +0 scythe
rCold  . . .     Clarity  .     H - +2 orc scale mail {rPois}
rNeg   . . .     Conserve +     c - +0 shield
rPois  +         rCorr    +     (helmet unavailable)
rElec  .         rRot     .     w - +1 cloak {rCorr, Cons}
SustAb . .       Spirit   .     x - +0 pair of gloves
rMut   .         Warding  .     b - +0 pair of boots
Saprov . . .     Stasis   +     s - amulet of resist corrosion
MR     .....                    (no ring)
                                q - ring of wizardry

@: heavily drained, not resistant to hostile enchantments, extremely unstealthy
A: permanent stasis, dig shafts and tunnels, four strong arms, poison weakness,
antennae 3, exoskeleton 1
a: Dig, Shaft Self, Renounce Religion


You were on level 6 of the Dungeon.
You worshipped the Shining One.
The Shining One was noncommittal.
You were not hungry.

You visited 2 branches of the dungeon, and saw 7 of its levels.

You collected 263 gold pieces.

Inventory:

Hand weapons
 a - a +0,+0 trident
 j - a +0,+0 scythe (weapon)
 u - a +3,+1 flail of draining
 v - a +4,+3 quarterstaff of chaos
 F - a +1,+0 spear of chaos
Armour
 b - a +0 pair of boots (worn)
 c - a +0 shield (worn)
 w - a +1 cloak of preservation (worn)
 x - a +0 pair of gloves (worn)
 D - a +0 orcish plate armour
 H - a +2 orcish scale mail of poison resistance (worn)
Magical devices
 h - a wand of confusion (14)
Comestibles
 d - 2 bread rations
 C - a meat ration
 E - a rotting chunk of jackal flesh
 G - a rotting chunk of jackal flesh
Scrolls
 f - a scroll of remove curse {unknown}
 g - 6 scrolls of identify
 i - 2 scrolls of curse jewellery {unknown}
 k - 2 scrolls of immolation {unknown}
 l - a scroll of enchant armour {unknown}
 n - 3 scrolls of teleportation {unknown}
 o - a scroll of fog
 p - 2 scrolls of fear {unknown}
 r - 3 scrolls of amnesia {unknown}
 t - 2 scrolls of enchant weapon II {unknown}
 y - 2 scrolls of noise {unknown}
 A - 2 scrolls of curse weapon {unknown}
Jewellery
 q - a ring of wizardry (left hand)
 s - an amulet of resist corrosion (around neck)
Potions
 e - a potion of magic
 z - a potion of cure mutation


   Skills:
 + Level 4.5(2.3) Fighting
 + Level 6.1(3.8) Polearms
 + Level 5.4(3.2) Armour
 + Level 4.6(2.4) Shields
 + Level 2.9(0.8) Invocations


You had 7 spell levels left.
You didn't know any spells.

Dungeon Overview and Level Annotations

Branches:
Dungeon (6/16)             Temple (1/1) D:4

Altars:
Ashenzari
Cheibriados
Dithmenos
Elyvilon
Fedhas
Kikubaaqudgha
Makhleb
Trog
Vehumet
Xom
Zin
The Shining One


Innate Abilities, Weirdness & Mutations

Your are under a permanent stasis effect.
You can dig through walls and to a lower floor.
Your four strong arms can wield any weapon, most with a shield.
You have a pair of large antennae on your head (SInv).
Your body is surrounded by an exoskeleton. (AC +1)


Message History

You feel better.
The orc wizard's eyes start to glow.
The orc wizard glows brightly for a moment.
You closely miss the orc warrior.
The orc warrior is heavily wounded.
The orc warrior hits you with a battleaxe!
* * * LOW HITPOINT WARNING * * *
The orc wizard looks braver.
The orc warrior hits you with a battleaxe.
* * * LOW HITPOINT WARNING * * *
You closely miss the orc warrior.
The orc warrior is heavily wounded.
The orc warrior hits you with a battleaxe.
* * * LOW HITPOINT WARNING * * *
You closely miss the orc warrior.
The orc warrior is heavily wounded.
You hear the slow rusting of a drain, a long way away.
The orc wizard is no longer moving quickly.
The orc warrior hits you with a battleaxe!
You die...

#..........##
.######.###
#.# ##.# #!.#
#.##
#######.#
+.....).#
#######@# #o#


#oo #o## #o# #o# #o# #o# #.# You could see an orc warrior, 3 orc wizards and 4
orcs.

Vanquished Creatures
  Edmund (D:5)
  A sky beast (D:5)
  Sigmund (D:3)
  Crazy Yiuf (D:3)
  A giant frog skeleton (D:5)
  3 orc priests (D:5)
  2 iguanas (D:5)
  2 scorpions
  A worker ant (D:4)
  A hound (D:5)
  2 orc wizards (D:5)
  A halfling (D:1)
  Jessica (D:3)
  Terence (D:3)
  6 adders
  4 gnolls
  4 worms
  A giant gecko (D:1)
  An ooze (D:2)
  An orc (D:3)
  A bat skeleton (D:4)
  4 giant cockroaches
  10 goblins
  17 hobgoblins
  6 jackals (D:5)
  15 kobolds
  A quokka (D:5)
  2 ball pythons (D:4)
  15 bats
  A giant newt (D:2)
  A kobold zombie (D:5)
  15 rats
  A bush (D:1)
125 creatures vanquished.

Vanquished Creatures (others)
  2 halflings (D:1)
2 creatures vanquished.

Grand Total: 127 creatures vanquished

Notes
Turn   | Place    | Note
--------------------------------------------------------------
     0 | D:1      | JEFFREY, the Formicid Fighter, began the quest for the Orb.
     0 | D:1      | Reached XP level 1. HP: 18/18 MP: 1/1
    89 | D:1      | Reached XP level 2. HP: 18/24 MP: 2/2
   311 | D:1      | Reached XP level 3. HP: 22/29 MP: 3/3
   777 | D:1      | Reached skill level 4 in Polearms
   777 | D:1      | Reached XP level 4. HP: 30/35 MP: 4/4
   993 | D:2      | Found a shattered altar of Ashenzari.
  1062 | D:2      | HP: 1/35 [adder (4)]
  1485 | D:2      | Reached XP level 5. HP: 30/41 MP: 5/5
  1743 | D:3      | Reached skill level 5 in Polearms
  1918 | D:3      | Noticed Crazy Yiuf
  1933 | D:3      | Killed Crazy Yiuf
  1938 | D:3      | Identified a +1 cloak of preservation (You took it off Crazy Yiuf on level 3 of the Dungeon)
  2266 | D:3      | Reached XP level 6. HP: 28/47 MP: 6/6
  2632 | D:3      | Noticed Terence
  2654 | D:3      | Killed Terence
  2736 | D:3      | Noticed Jessica
  2776 | D:3      | Killed Jessica
  2794 | D:3      | Noticed Sigmund
  2839 | D:3      | HP: 2/47 [Sigmund/scythe (10)]
  2845 | D:3      | Killed Sigmund
  3097 | D:3      | You fall through a shaft!
  3398 | D:4      | Found a staircase to the Ecumenical Temple.
  3412 | Temple   | Entered the Ecumenical Temple
  3655 | Temple   | Became a worshipper of the Shining One
  3894 | D:4      | Reached XP level 7. HP: 41/53 MP: 7/7
  4135 | D:5      | Entered Level 5 of the Dungeon
  4292 | D:5      | Noticed Edmund
  4325 | D:5      | Killed Edmund
  4325 | D:5      | Reached skill level 1 in Invocations
  4630 | D:5      | Reached skill level 5 in Armour
  4681 | D:5      | Reached skill level 6 in Polearms
  4817 | D:5      | Reached XP level 8. HP: 44/60 MP: 10/10
  5727 | D:6      | Slain by an orc warrior

Action                   |  1- 3 |  4- 6 |  7- 9 || total
-------------------------+-------+-------+-------++-------
Melee: Trident           |   245 |   336 |       ||   581
       Scythe            |       |    49 |   256 ||   305
Throw: Throwing net      |       |     1 |     1 ||     2
Evoke: Wand              |       |     4 |       ||     4
  Use: Scroll            |       |     5 |     2 ||     7
       Potion            |       |     5 |     7 ||    12
 Stab: Confused          |       |     1 |       ||     1
